Map: Acid Plant LE

Players

Guru - Winner!

  • Race: Zerg Zerg
  • Spawn Location: 11:00

Scarlett

  • Race: Zerg Zerg
  • Spawn Location: 5:00

Event: IEM Season 12 - Katowice

VOD

Have the link to the VOD?

Description

Time

  • Played on: Feb. 26, 2018, 9:05 a.m.
  • Length: 12:43

All games in this series

Show
View Real Time Build Order
Export as new Build Order

Guru Zerg - Winner!

Build Orders: Hatch First 

Get SALT Encoding   

  12  0:00  Drone  
  13  0:13  Overlord  
  13  0:17  Drone  
  14  0:31  Drone  
  14  0:32  Drone  
  14  0:35  Drone  
  17  0:52  Hatchery  
  17  0:55  Drone  
  17  0:58  Drone  
  17  1:02  Extractor  
  17  1:13  Spawning Pool  
  17  1:17  Drone  
  17  1:20  Drone  
  18  1:28  Drone  
  19  1:56  Overlord  
  19  2:00  Queen  
  21  2:01  Metabolic Boost  
  21  2:03  Queen, Zergling x2  
  21  2:05  Zergling x2  
  21  2:08  Zergling x2  
  26  2:13  Drone  
  26  2:15  Drone  
  29  2:22  Drone  
  29  2:27  Drone  
  30  2:32  Drone  
  31  2:43  Hatchery  
  30  2:45  Overlord  
  30  2:50  Zergling x4  
  32  2:54  Zergling x2  
  32  2:58  Zergling x2  
  34  3:05  Zergling x2  
  35  3:09  Zergling x6  
  35  3:10  Zergling x2  
  35  3:12  Zergling x4  
  41  3:16  Drone  
  42  3:20  Overlord  
  42  3:24  Drone  
  42  3:35  Zergling x2  
  42  3:37  Zergling x2  
  40  3:42  Drone  
  40  3:43  Drone  
  40  3:47  Baneling Nest  
  40  3:48  Zergling x2  
  41  3:49  Drone x3  
  41  3:51  Drone x2  
  45  3:56  Drone  
  45  3:57  Drone  
  45  4:04  Queen  
  45  4:07  Drone  
  48  4:11  Drone  
  48  4:13  Drone x2  
  51  4:20  Overlord  
  51  4:21  Drone x3  
  54  4:27  Overlord  
  54  4:33  Zergling x6  
  57  4:44  Roach Warren, Baneling x2  
  56  4:46  Baneling x2  
  56  4:47  Baneling  
  56  4:49  Extractor, Zergling x4  
  56  4:51  Zergling x4  
  59  4:56  Drone  
  56  5:03  Queen  
  56  5:04  Zergling x2  
  56  5:05  Zergling x2  
  55  5:11  Baneling x2  
  55  5:12  Overlord  
  52  5:23  Overlord  
  52  5:24  Roach x4  
  52  5:25  Roach x2  
  64  5:31  Roach  
  64  5:35  Roach x2  
  70  5:43  Roach  
  70  5:45  Extractor  
  70  5:47  Roach x2  
  75  5:54  Roach  
  77  5:57  Roach  
  77  5:59  Roach  
  83  6:04  Roach  
  83  6:05  Roach  
  83  6:06  Overlord  
  83  6:08  Roach  
  83  6:10  Overlord  
  87  6:12  Roach  
  87  6:13  Overlord  
  87  6:15  Zergling x2  
  90  6:19  Overlord  
  90  6:24  Zergling x4  
  90  6:25  Zergling x8  
  96  6:28  Zergling x2  
  96  6:29  Zergling x2  
  97  6:35  Zergling x2  
  97  6:36  Zergling x2  
  98  6:41  Zergling x2  
  98  6:42  Zergling x6  
  98  6:46  Baneling x2  
  96  6:48  Baneling x2  
  96  6:49  Baneling x2  
  96  6:50  Zergling x4  
  96  6:53  Roach  
  100  6:57  Roach  
  102  7:05  Roach x5  
  102  7:07  Roach x2  
  101  7:21  Drone x2  
  101  7:22  Zergling x2  
  101  7:25  Drone x2  
  101  7:26  Queen x2  
  101  7:28  Drone  
  106  7:31  Zergling x2  
  106  7:35  Queen  
  96  7:48  Drone x3  
  96  7:50  Drone x2  
  93  7:51  Evolution Chamber  
  93  7:52  Drone, Evolution Chamber  
  80  8:03  Zergling x2  
  80  8:04  Zergling x8  
  80  8:05  Zergling x4  
  84  8:08  Zergling x4  
  84  8:11  Zergling x2  
  84  8:12  Zergling x4  
  85  8:19  Zergling x4  
  80  8:20  Zergling x4  
  80  8:27  Drone x3  
  77  8:33  Zerg Missile Weapons Level 1, Zerg Ground Armor Level 1  
  78  8:34  Drone  
  78  8:37  Spore Crawler, Drone  
  78  8:48  Queen x2  
  78  8:50  Spore Crawler  
  78  8:54  Drone  
  82  8:56  Zergling x2  
  82  9:00  Drone x2  
  82  9:01  Unknown, Zergling x2  
  82  9:02  Zergling x2  
  87  9:03  Unknown  
  87  9:04  Drone  
  87  9:06  Drone  
  87  9:08  Spore Crawler  
  87  9:11  Drone  
  87  9:12  Drone x2  
  90  9:17  Overlord x2  
  90  9:19  Lair  
  90  9:21  Spore Crawler  
  89  9:26  Overlord x2  
  89  9:29  Overlord  
  89  9:32  Overlord  
  89  9:33  Extractor  
  89  9:34  Spore Crawler  
  87  9:40  Overlord  
  87  9:48  Drone x3  
  87  9:49  Extractor  
  89  9:56  Spore Crawler  
  89  9:59  Drone  
  88  10:10  Overlord  
  88  10:12  Burrow, Pneumatized Carapace  
  88  10:21  Drone  
  88  10:22  Drone, Infestation Pit  
  88  10:23  Drone x3, Extractor  
  91  10:28  Roach  
  91  10:29  Roach x2  
  91  10:30  Roach, Glial Reconstitution  
  91  10:31  Roach x2  
  103  10:59  Infestor  
  103  11:00  Infestor x5  
  103  11:01  Queen x2  
  118  11:09  Overlord  
  118  11:10  Overlord  
  118  11:12  Drone  
  118  11:13  Drone, Hydralisk Den  
  118  11:14  Drone  
  118  11:16  Drone  
  118  11:17  Drone  
  122  11:19  Roach  
  122  11:20  Spore Crawler  
  122  11:23  Queen  
  120  11:30  Overlord  
  122  11:33  Roach x4  
  122  11:36  Queen  
  130  11:41  Hydralisk x2  
  130  11:42  Hydralisk  
  130  11:43  Hydralisk  
  130  11:45  Hydralisk  
  140  11:48  Unknown x3  
  140  11:55  Hydralisk x2  
  140  11:57  Hydralisk x2  
  140  11:58  Overlord  
  148  12:04  Hydralisk x2  
  152  12:10  Overlord, Hydralisk  
  152  12:26  Hatchery  
  152  12:31  Unknown  
Show
View Real Time Build Order
Export as new Build Order

Scarlett Zerg 

Build Orders: Hatch First, Zergling Baneling 

Get SALT Encoding   

  12  0:00  Drone  
  13  0:12  Overlord  
  13  0:16  Drone  
  14  0:30  Drone x2  
  14  0:34  Drone  
  17  0:50  Hatchery  
  17  0:53  Drone  
  17  0:58  Drone  
  17  1:00  Extractor  
  17  1:12  Spawning Pool  
  17  1:15  Drone  
  17  1:19  Drone  
  18  1:27  Drone  
  19  1:39  Drone  
  20  1:48  Overlord  
  20  1:58  Queen  
  22  2:02  Queen, Metabolic Boost  
  22  2:05  Drone  
  22  2:07  Drone  
  26  2:14  Drone  
  26  2:15  Drone  
  28  2:21  Drone  
  29  2:26  Drone  
  30  2:32  Zergling x2  
  30  2:36  Hatchery  
  30  2:38  Zergling x2  
  31  2:44  Queen  
  31  2:49  Overlord  
  33  2:57  Baneling Nest  
  33  2:58  Zergling x2  
  33  2:59  Drone  
  34  3:08  Drone  
  34  3:09  Zergling x2  
  34  3:10  Drone x2  
  34  3:12  Drone  
  39  3:15  Zergling x2  
  40  3:23  Zergling x4  
  42  3:30  Zergling x4  
  40  3:43  Baneling x2  
  40  3:44  Zergling x2  
  40  3:45  Zergling x4  
  40  3:46  Overlord x2  
  43  3:49  Zergling x2  
  44  4:00  Zergling x10  
  49  4:04  Queen  
  51  4:11  Drone x3  
  54  4:19  Baneling x2  
  54  4:23  Drone x4  
  58  4:34  Drone x3  
  58  4:35  Lair  
  58  4:37  Extractor  
  58  4:38  Extractor  
  59  4:39  Zergling x8  
  59  4:42  Drone  
  59  4:43  Drone  
  65  4:48  Overlord  
  65  4:53  Baneling x4  
  64  5:06  Zergling x10  
  63  5:08  Drone x2  
  63  5:11  Drone x2, Extractor  
  63  5:12  Drone x2  
  64  5:21  Drone  
  64  5:22  Drone x4  
  68  5:37  Zergling x8  
  68  5:38  Baneling  
  68  5:39  Baneling  
  68  5:41  Drone x2  
  68  5:42  Overlord x2  
  74  5:44  Spire  
  73  5:51  Baneling x3  
  73  5:54  Drone, Extractor  
  73  5:55  Drone, Overlord  
  73  5:56  Extractor  
  73  6:01  Drone x8  
  81  6:10  Drone x4  
  85  6:17  Overlord  
  85  6:20  Drone  
  85  6:22  Overseer  
  90  6:27  Spine Crawler  
  90  6:29  Spine Crawler  
  90  6:31  Spine Crawler x2  
  81  6:32  Spine Crawler  
  81  6:34  Spine Crawler  
  74  6:51  Baneling x4  
  74  6:55  Mutalisk x7  
  84  7:05  Mutalisk  
  84  7:07  Zergling x14  
  81  7:19  Mutalisk x2  
  70  7:28  Mutalisk  
  70  7:29  Zergling x6  
  65  7:30  Zergling x4  
  55  7:39  Drone x3  
  49  7:45  Drone x2  
  34  8:07  Zergling x2  
  34  8:09  Drone  
  35  8:15  Drone  
  36  8:21  Drone  
  36  8:27  Drone  
  36  8:32  Baneling  
  37  8:35  Baneling  
  37  8:43  Drone  
  37  8:44  Zergling x2  
  37  8:46  Drone  
  40  9:00  Drone  
  40  9:01  Drone x2  
  43  9:12  Zergling x8  
  47  9:22  Drone  
  47  9:23  Drone  
  49  9:30  Zerg Flyer Weapons Level 1  
  49  9:45  Drone  
  49  9:46  Drone x5  
  55  9:53  Drone  
  55  9:57  Queen  
  58  10:04  Drone x2  
  60  10:11  Drone x2  
  62  10:17  Mutalisk  
  64  10:23  Drone  
  65  10:29  Queen  
  65  10:30  Drone x2  
  68  10:43  Mutalisk  
  68  10:44  Mutalisk  
  72  10:55  Hatchery  
  71  10:58  Drone  
  71  11:02  Mutalisk  
  74  11:04  Drone  
  74  11:09  Burrow  
  75  11:12  Drone  
  75  11:16  Drone x2  
  78  11:24  Mutalisk x2  
  82  11:31  Mutalisk  
  84  11:33  Zergling x4  
  86  11:44  Baneling  
  86  11:45  Baneling x8  
  86  11:48  Mutalisk  
  86  11:53  Queen  
  90  11:55  Zergling x2  
  90  11:58  Zergling x2  
  92  12:03  Mutalisk  
  94  12:11  Drone x5  

Tags
 
Add a new tag
Caveats
  • Supply blocks, unpowered buildings, or Contaminate may cause inaccurate times.
  • Supply counts are checked every 10 seconds.